 Dungeon Crawl Stone Soup version 0.28.0-53-g5a82cb258f (webtiles) character file.

Game seed: 6052298579708820682

152 Kranky the Sneak (level 5, 0/37 HPs)
             Began as an Octopode Fighter on June 20, 2022.
             Slain by a quasit (2 damage)
             ... while paralysed
             ... on level 3 of the Dungeon.
             The game lasted 00:05:06 (2948 turns).

Kranky the Sneak (Octopode Fighter)                 Turns: 2948, Time: 00:05:11

Health: 0/37       AC:  1    Str: 15    XL:     5   Next: 34%
Magic:  5/5        EV:  2    Int: 11    God:
Gold:   143        SH:  0    Dex: -1 (13) Spells: 4/4 levels left

rFire   . . .      SeeInvis .   k - +3 dagger (vamp)
rCold   . . .      Faith    .   b - +0 buckler
rNeg    . . .      Spirit   .   (helmet restricted)
rPois   .          Reflect  .   h - amulet of magic regeneration
rElec   .          Harm     .   (no ring)
rCorr   .          Rampage  .   (no ring)
Will    .....                   (no ring)
Stlth   ..........              (no ring)
HPRegen 0.12/turn               (no ring)
MPRegen 0.49/turn               (no ring)
                                (no ring)
                                (no ring)

@: paralysed, mighty, slowed, lost dexterity
A: almost no armour, amphibious, 8 rings, camouflage 1, gelatinous body 1,
(nimble swimmer 1), tentacles
a: no special abilities


You were on level 3 of the Dungeon.
You visited 1 branch of the dungeon, and saw 3 of its levels.

You collected 143 gold pieces.

Inventory:

Hand Weapons
 a - a +0 flail
 k - a +3 vampiric dagger (weapon)
 l - a +1 dagger of venom
Missiles
 o - 5 poisoned darts (quivered)
Armour
 b - a +0 buckler (worn)
Jewellery
 h - an amulet of magic regeneration (around mantle)
Wands
 i - a wand of polymorph (10)
Scrolls
 d - a scroll of magic mapping {unknown}
 e - a scroll of fog {unknown}
 g - a scroll of enchant armour {unknown}
 m - 4 scrolls of identify {unknown}
 n - 2 scrolls of teleportation {unknown}
Potions
 f - a potion of mutation {unknown}
 j - a potion of magic {unknown}


   Skills:
 + Level 4.1 Fighting
 + Level 0.8 Short Blades
 - Level 2.0 Maces & Flails
 - Level 3.2 Dodging
 - Level 5.0 Stealth
 - Level 3.0 Shields


You had 4 spell levels left.
You didn't know any spells.
Your spell library contained the following spells:

 Spells                   Type           Power      Damage    Failure   Level
 Foxfire                  Conj/Fire      0%         2x1d4     43%         1
 Sandblast                Erth           0%         2d4       43%         1
 Passwall                 Tmut/Erth      0%         N/A       56%         2
 Conjure Flame            Conj/Fire      0%         6-21      80%         3
 Gell's Gravitas          Tloc           0%         N/A       80%         3
 Inner Flame              Hex/Fire       0%         N/A       80%         3
 Stone Arrow              Conj/Erth      0%         3d7       80%         3
 Teleport Other           Tloc           0%         N/A       80%         3
 Flame Wave               Conj/Fire      0%         2d4       99%         4
 Dispersal                Tloc           0%         N/A       100%        6


Dungeon Overview and Level Annotations

Branches:
Dungeon (3/15)

Altars:

Portals:
Abyss: D:3

Annotations:
D:3 1 transporter, concernfroge's ghost, amateur DEFE


Innate Abilities, Weirdness & Mutations

You cannot wear most types of armour.
You are amphibious.
You can wear up to eight rings at the same time.
Your skin changes colour to match your surroundings (Stealth+).
Your rubbery body absorbs attacks. (AC +1, EV +1)
((You are camouflaged when in or above water. (Stealth+)))
You have tentacles for arms and can constrict up to eight enemies at once.


Message History

The quasit closely misses you.
You closely miss the quasit. Your grab misses the quasit.
The quasit is moderately wounded.
The quasit misses you. The quasit barely misses you. The quasit claws you.
The quasit bites you. The quasit claws you.
You feel clumsy. The quasit claws you.
You feel clumsy.
You feel very mighty all of a sudden.
You block the quasit's attack. x2; The quasit barely misses you.
You barely miss the quasit. Your grab misses the quasit.
The quasit is moderately wounded.
The quasit bites you. The quasit claws you.
* * * LOW HITPOINT WARNING * * *
The quasit barely misses you.
You closely miss the quasit. Your grab misses the quasit.
The quasit is moderately wounded.
You block the quasit's attack. The quasit barely misses you.
The quasit closely misses you. The quasit bites you.
* * * LOW HITPOINT WARNING * * *
The quasit claws you.
* * * LOW HITPOINT WARNING * * *
You feel clumsy.
The quasit claws you but does no damage.
You miss the quasit. Your grab misses the quasit.
Your squeeze misses the quasit.
The quasit is moderately wounded.
The quasit bites you but does no damage.
The quasit claws you.
* * * LOW HITPOINT WARNING * * *
You feel clumsy.
You have lost your dexterity.
The quasit claws you.
* * * LOW HITPOINT WARNING * * *
The quasit bites you.
* * * LOW HITPOINT WARNING * * *
The quasit claws you.
* * * LOW HITPOINT WARNING * * *
You feel clumsy. The quasit claws you.
You die...

########### ########
#.....>...######
#......###.###...........
#.....................##.
#.....................##.
#......###..###.......##.
#########.....##.####x##.###..##.
..............#.#5# .∩.### #....#
.########.....#.@#..###. #.#...##
.# ##...##.##.....##.##..#.# .#
#..##.#.###.^###.#...##. .#
#..##...#.##.:..##...##. .#
##...##©##..#$..##....... .#
#.....###..##...#.....##. .#
###......©...#....#....))..
.######...........##.##.###...###
..............##### .5....#..)###


You could see a quasit.

Vanquished Creatures
  A quasit (D:3)
  Jessica (D:2)
  3 adders
  3 worms
  2 dart slugs
  6 orcs (D:3)
  4 ball pythons
  5 bats
  4 endoplasms
  4 giant cockroaches
  2 hobgoblins
  4 jackals (D:3)
  3 kobolds
  3 goblins
  3 rats
48 creatures vanquished.

Notes
Turn   | Place    | Note
-------+----------+-------------------------------------------
     0 | D:1      | Kranky the Octopode Fighter began the quest for the Orb.
     0 | D:1      | Reached XP level 1. HP: 16/16 MP: 1/1
   550 | D:1      | Reached XP level 2. HP: 20/21 MP: 2/2
  1065 | D:1      | Reached skill level 1 in Stealth
  1438 | D:2      | Reached skill level 2 in Stealth
  1438 | D:2      | Reached XP level 3. HP: 26/26 MP: 3/3
  1526 | D:2      | Noticed Jessica
  1532 | D:2      | Killed Jessica
  1533 | D:2      | Reached skill level 3 in Stealth
  1533 | D:2      | Reached XP level 4. HP: 33/33 MP: 4/4
  1921 | D:3      | Reached skill level 4 in Stealth
  2234 | D:3      | Found a one-way gate to the infinite horrors of the Abyss.
  2234 | D:3      | Noticed concernfroge's ghost (amateur DEFE)
  2568 | D:3      | Reached XP level 5. HP: 33/37 MP: 5/5
  2676 | D:3      | Found a transporter.
  2679 | D:3      | Found a transporter.
  2809 | D:3      | Reached skill level 5 in Stealth
  2947 | D:3      | Lost dexterity.
  2948 | D:3      | Slain by a quasit

Illustrated notes

Levels and vault maps discovered:
D:1:      lemuel_arrival_tunnels, layout_basic, nicolae_figureground_pulse
D:2:      layout_rooms, uniq_jessica
D:3:      layout_loops_ring, gammafunk_ghost_abyssal_escape

Skill      XL: |  1  2  3  4  5 |
---------------+----------------+-----
Stealth        | 2 3 4 5 |  5.0
Fighting       | 4 |  4.1
Short Blades   | |  0.8
Maces & Flails | |  2.0
Dodging        | |  3.2
Shields        | |  3.0

Action                   |  1- 3 |  4- 6 || total
-------------------------+-------+-------++-------
Melee: Flail             |    34 |     1 ||    35
       Constrict         |     9 |    14 ||    23
       Tentacles         |     4 |    13 ||    17
       Punch             |     1 |     1 ||     2
       Dagger            |       |    77 ||    77
  Use: Potion            |       |     1 ||     1
 Stab: Sleeping          |     5 |     6 ||    11
Armor: Skin              |     2 |    10 ||    12
Dodge: Dodged            |    18 |    69 ||    87
Block: Buckler           |     5 |    17 ||    22
